 Dungeon Crawl Stone Soup version 0.25-a0-189-gf71692caf1 (console) character file.

Game seed: 17180785288293337585, levelgen mode: deterministic

126 Kagalorn the Magician (level 4, -1/21 HPs)
             Began as a Spriggan Enchanter on Nov 29, 2019.
             Slain by a river rat (8 damage)
             ... in a sewer.
             The game lasted 00:06:40 (2087 turns).

Kagalorn the Magician (Spriggan Enchanter)          Turns: 2087, Time: 00:06:40

Health: -1/21      AC:  2    Str:  4    XL:     4   Next: 84%
Magic:  8/12       EV: 18    Int: 17    God:
Gold:   132        SH:  5    Dex: 16    Spells: 7/13 levels left

rFire    . . .     SeeInvis +   a - +1 dagger
rCold    . . .     Gourm    .   (shield restricted)
rNeg     . . .     Faith    .   b - +0 robe
rPois    .         Spirit   .   (helmet restricted)
rElec    .         Reflect  +   (no cloak)
rCorr    .         Harm     .   (gloves unavailable)
MR       .....                  (boots unavailable)
Stlth    +++.......             n - +5 amulet of reflection
HPRegen  0.07/turn              (no ring)
MPRegen  0.13/turn              (no ring)

@: very quick
A: very small, unfitting armour, see invisible, herbivore, speed 3, slow
metabolism 2
a: no special abilities


You were in a sewer.
You were not hungry.

You visited 1 branch of the dungeon, and saw 3 of its levels.
You also visited: Sewer.

You collected 132 gold pieces.

Inventory:

Hand Weapons
 a - a +1 dagger (weapon)
 p - a +2 trident of venom
Missiles
 c - 19 sling bullets
 e - 95 stones (quivered)
 g - 11 arrows
Armour
 b - a +0 robe (worn)
Jewellery
 n - a +5 amulet of reflection (around neck)
Scrolls
 h - a scroll of teleportation {unknown}
 i - a scroll of fog {unknown}
 j - a scroll of identify {unknown}
 k - a scroll of noise {unknown}
 l - a scroll of fear {unknown}
 m - a scroll of enchant armour {unknown}
 o - a scroll of immolation {unknown}
Potions
 f - a potion of might {unknown}
Comestibles
 d - 8 rations


   Skills:
 - Level 1.1 Short Blades
 - Level 3.0 Dodging
 - Level 4.4 Stealth
 * Level 5.3 Spellcasting
 - Level 5.0 Hexes


You had 7 spell levels left.
You knew the following spells:

 Your Spells              Type           Power        Failure   Level  Hunger
a - Ensorcelled Hibernat  Hex/Ice        ##....       8%          2    #......
b - Confuse               Hex            ###.....     5%          3    ##.....
c - Corona                Hex            ###....      1%          1    None

Your spell library contained the following spells:

 Spells                   Type           Power        Failure   Level  Hunger
 Tukima's Dance           Hex            ###.....     5%          3    ##.....
 Dazzling Spray           Conj/Hex       ##....       16%         3    ##.....


Dungeon Overview and Level Annotations

Branches:
Dungeon (3/15)              Sewer (1/1)

Altars:
Dithmenos


Innate Abilities, Weirdness & Mutations

You are very small and have problems with some larger weapons.
You are too small for most types of armour.
You have supernaturally acute eyesight. (SInv)
You are a herbivore.
You cover ground extremely quickly.
You need to consume almost no food.


Message History

No target in view!
You enter the shallow water.
Moving in this stuff is going to be slow.
You see here a river rat corpse.
You see here a river rat corpse.
The river rat bites you!
Casting: Ensorcelled Hibernation (safe; 8% risk of failure)
Confirm with . or Enter, or press ? or * to list all spells.
Aiming: Ensorcelled Hibernation (safe; 8% risk of failure)
Press: ? - help, Shift-Dir - straight line, f - river rat
Aim: a river rat (chance to defeat MR: 52%)
The river rat resists with significant effort.
The river rat bites you. The river rat closely misses you.
Casting: Ensorcelled Hibernation (safe; 8% risk of failure)
Confirm with . or Enter, or press ? or * to list all spells.
Aiming: Ensorcelled Hibernation (safe; 8% risk of failure)
Press: ? - help, Shift-Dir - straight line, f/p - river rat
Aim: a river rat (chance to defeat MR: 52%)
The river rat looks drowsy...
The river rat bites you!
You die...

....##
##......#
≈≈≈##
#.≈≈≈≈##
≈≈≈≈#
#≈≈≈≈≈≈#
≈≈≈≈#
#≈≈≈≈≈≈#
≈≈≈≈#
#≈≈≈≈≈≈#
≈≈†≈#
#≈≈≈≈≈≈#
≈††≈#
#≈≈≈≈≈≈#
#≈.≈#
#≈≈≈≈≈≈#
≈#≈≈#
#≈≈≈≈≈@#
≈≈≈≈#
#≈≈≈≈rr#
≈≈≈≈#
#≈≈≈≈≈≈#
#≈≈≈#
#≈≈≈≈rr#
≈≈≈≈#
#≈≈≈≈≈≈#
≈≈≈≈#
#≈≈≈≈≈≈#
≈≈≈≈#
#≈≈≈≈≈≈#
≈≈≈≈#
#≈≈≈≈≈≈#
≈≈≈≈#
#≈≈≈≈≈≈#


You could see 2 river rats and 2 rats.

Vanquished Creatures
  A gnoll (D:1)
  3 adders
  2 river rats (Sewer)
  An ooze (Sewer)
  A worm (D:3)
  2 dart slugs
  An orc (D:3)
  2 ball pythons
  5 bats
  4 giant cockroaches
  6 goblins
  4 hobgoblins
  5 kobolds
  A quokka (D:2)
  3 frilled lizards
  25 rats
66 creatures vanquished.

Notes
Turn   | Place    | Note
-------+----------+-------------------------------------------
     0 | D:1      | Kagalorn the Spriggan Enchanter began the quest for the
                  | Orb.
     0 | D:1      | Reached XP level 1. HP: 9/9 MP: 5/5
    71 | D:1      | Reached XP level 2. HP: 10/13 MP: 6/6
   133 | D:1      | Learned a level 2 spell: Ensorcelled Hibernation
   472 | D:1      | Reached XP level 3. HP: 9/16 MP: 8/8
   792 | D:1      | Reached skill level 5 in Hexes
   953 | D:1      | Learned a level 3 spell: Confuse
  1155 | D:2      | Reached XP level 4. HP: 21/21 MP: 11/11
  1844 | D:3      | Found a shadowy altar of Dithmenos.
  1927 | D:3      | Found a glowing drain.
  1958 | Sewer    | Entered a sewer
  2003 | Sewer    | Reached skill level 5 in Spellcasting
  2087 | Sewer    | Slain by a river rat

Levels and vault maps discovered:
D:1:      erik_arrival_orb_chamber, layout_basic
D:2:      layout_basic
D:3:      kennysheep_the_goblin_king, layout_basic,
          nicolae_overflow_crystal_walls, first_ration,
          cheibrodos_sewer_entry_sluice, bloody_makhleb
Sewer:    sewer_minmay_w

Skill      XL: |  1  2  3  4 |
---------------+-------------+-----
Hexes          | 4 5 |  5.0
Spellcasting   | 3 4 5 |  5.3
Short Blades   | |  1.1
Dodging        | |  3.0
Stealth        | |  4.4

Action                   |  1- 3 |  4- 6 || total
-------------------------+-------+-------++-------
Melee: Dagger            |   111 |    96 ||   207
 Cast: Ensorcelled Hiber |    22 |     5 ||    27
       Confuse           |       |     1 ||     1
 Stab: Sleeping          |    22 |     7 ||    29
       Confused          |       |     1 ||     1
Armor: Robe              |     7 |    10 ||    17
Dodge: Dodged            |    84 |    58 ||   142
Block: Other             |       |    15 ||    15

Table legend:
 A = Non-vault XP
 B = Vault XP
 C = Vault XP percentage of total XP
 D = Non-vault monster count
 E = Vault monster count
 F = Vault count percentage of total count
                 A         B        C        D         E       F
            +---------+---------+-------+---------+---------+-------
      Total |     119 |      62 |  34.3 |      41 |      25 |  37.9
            +---------+---------+-------+---------+---------+-------
        D:1 |      54 |      12 |  18.2 |      24 |      12 |  33.3
        D:2 |      46 |       0 |   0.0 |      13 |       0 |   0.0
        D:3 |      19 |       8 |  29.6 |       4 |       3 |  42.9
      Sewer |       0 |      42 | 100.0 |       0 |      10 | 100.0
            +---------+---------+-------+---------+---------+-------
